 Dungeon Crawl Stone Soup version 0.22-a0-750-ga7dcef7 (webtiles) character file.

477042 Amnesiac the Hawkeye (level 23, -5/228 (231) HPs)
             Began as a Troll Monk on July 15, 2018.
             Was a High Priest of Okawaru.
             Killed from afar by a hell hog (13 damage)
             ... with a fireball
             ... created by the effects of Hell
             ... on level 7 of Gehenna.
             The game lasted 02:54:21 (41401 turns).

Amnesiac the Hawkeye (Troll Monk)                  Turns: 41401, Time: 02:54:21

HP:   -5/228 (231)  AC: 21    Str: 39    XL:     23   Next: 89%
MP:   33/37         EV: 21    Int:  5    God:    Okawaru [*****.]
Gold: 2040          SH: 30    Dex: 14    Spells: 19/30 levels left

rFire    + . .     SeeInvis +   a - +7 fustibalus of Understanding {flame, rC+++ rN+++ Int-3 Dex-3}
rCold    + + +     Gourm    +   X - +5 large shield of Shadows and Fog {rPois Str+8 Int-3 Dex-2}
rNeg     + + +     Faith    +   o - quicksilver dragon scales
rPois    +         Spirit   .   B - +2 hat {SInv}
rElec    +         Reflect  .   T - scarf {repulsion}
rCorr    .         Harm     .   (gloves unavailable)
MR       +++..                  (boots unavailable)
Stlth    +++.......             I - amulet of Byong {Faith Int+5}
HPRegen  0.88/turn              H - ring of Eternity {*Contam rElec rPois Str+6}
MPRegen  0.25/turn              l - ring of Zatoon {rF+ MR+ MP+9}

@: heroism, finesse, very slightly contaminated, repel missiles
A: large, unfitting armour, claws 3, fast metabolism 3, gourmand, regeneration
1, shaggy fur 1, tough skin 2
}: 1/15 runes: bone
a: Heroism, Finesse, Renounce Religion


You were on level 7 of Gehenna.
You worshipped Okawaru.
Okawaru was extremely pleased with you.
You were full.

You visited 7 branches of the dungeon, and saw 42 of its levels.
You visited 1 bazaar.
You also visited: Ossuary and Bailey.

You collected 2594 gold pieces.
You spent 554 gold pieces at shops.

Inventory:

Hand Weapons
 a - the +7 fustibalus of Understanding (weapon) {flame, rC+++ rN+++ Int-3 Dex-3}
   (Okawaru gifted it to you on level 15 of the Dungeon)

   It causes projectiles fired from it to burn those they strike, causing extra
   injury to most foes and up to half again as much damage against particularly
   susceptible opponents.
   It affects your intelligence (-3).
   It affects your dexterity (-3).
   It renders you almost immune to cold.
   It renders you almost immune to negative energy.
 b - a +8 blowgun
Missiles
 f - 134 stones
 i - 117 poisoned needles
 p - 7 needles of confusion
 t - a throwing net
 x - 8 silver javelins
 C - a steel javelin
 G - 7 silver tomahawks
 K - 41 large rocks (quivered)
 V - 13 javelins of penetration
 W - a tomahawk of returning
 Y - 5 curare-tipped needles
 Z - 22 poisoned javelins
Armour
 k - +0 gold dragon scales
 o - quicksilver dragon scales (worn)
 B - a +2 hat of see invisible (worn)
 T - a scarf of repulsion (worn)
 X - the +5 large shield of Shadows and Fog (worn) {rPois Str+8 Int-3 Dex-2}
   (Okawaru gifted it to you on level 12 of the Dungeon)

   It affects your strength (+8).
   It affects your intelligence (-3).
   It affects your dexterity (-2).
   It protects you from poison.
Jewellery
 l - the ring of Zatoon (right claw) {rF+ MR+ MP+9}
   (You took it off a spriggan berserker on level 3 of the Depths)

   [ring of protection from fire]

   It protects you from fire.
   It affects your resistance to hostile enchantments.
   It affects your magic capacity (+9).
 H - the ring of Eternity (left claw) {*Contam rElec rPois Str+6}
   (You took it off a wizard on level 3 of the Depths)

   [ring of poison resistance]

   It affects your strength (+6).
   It insulates you from electricity.
   It protects you from poison.
   It causes magical contamination when unequipped.
 I - the amulet of Byong (around neck) {Faith Int+5}
   (You found it on level 5 of the Dungeon)

   [amulet of faith]

   It allows you to gain divine favour quickly.
   It affects your intelligence (+5).
 L - the ring "Faeteupn" {*Slow Str+5 Dex+2 SInv, unknown}
   (You took it off a skeletal warrior on level 7 of Tartarus)

   [ring of strength]

   It affects your strength (+5).
   It affects your dexterity (+2).
   It lets you see invisible.
   It may slow you when you take damage.
 P - the ring of a Million Tables {+Fly rN+ Int+2}
   (You took it off an ogre mage on level 3 of the Depths)

   [ring of flight]

   It affects your intelligence (+2).
   It protects you from negative energy.
   It lets you fly.
Wands
 q - a wand of scattershot (4)
 v - a wand of clouds (2)
 y - a wand of digging (9)
 J - a wand of enslavement (1)
 U - a wand of disintegration (24)
Scrolls
 c - a scroll of teleportation {!r}
 j - 6 scrolls of fog {!r}
 m - 5 scrolls of enchant armour {!r}
 s - 12 scrolls of remove curse {!r}
 O - a scroll of acquirement {!r}
Potions
 d - 5 potions of haste {!q}
 g - 2 potions of invisibility {!q}
 h - 19 potions of curing {!q}
 n - 11 potions of brilliance {!q}
 z - 7 potions of berserk rage {!q}
 A - 4 potions of might {!q}
 D - 4 potions of agility {!q}
 E - 3 potions of mutation {!q}
 R - 2 potions of heal wounds {!q}
Miscellaneous
 e - the horn of Geryon
 w - a box of beasts
 M - a lamp of fire
 N - a phantom mirror
 Q - a lightning rod (4/4)
 S - a phial of floods
Comestibles
 r - 14 rations


   Skills:
 + Level 14.0(19.0) Fighting
 - Level 22.0(27) Throwing
 + Level 13.9(18.9) Armour
 + Level 13.9(18.9) Dodging
 - Level 1.0(6.0) Stealth
 + Level 13.8(18.8) Shields
 - Level 3.0(8.0) Unarmed Combat
 - Level 4.0 Spellcasting
 - Level 4.0 Hexes
 + Level 1.9 Charms
 - Level 4.0 Transmutations
 + Level 2.0 Air Magic
 - Level 4.0 Earth Magic
 - Level 9.0 Invocations
 - Level 5.0 Evocations


You had 19 spell levels left.
You knew the following spells:

 Your Spells              Type           Power        Failure   Level  Hunger
a - Deflect Missiles      Chrm/Air       #.........   100%        6    #######
b - Passwall              Tmut/Erth      #.......     12%         2    ###....
c - Swiftness             Chrm/Air       #.......     28%         2    ###....
z - Confusing Touch       Hex            #.....       9%          1    ##.....

Your spell library contained the following spells:

 Spells                   Type           Power        Failure   Level  Hunger
 Confuse                  Hex            #.......     24%         3    ####...
 Tukima's Dance           Hex            #.......     24%         3    ####...
 Stone Arrow              Conj/Erth      #.....       50%         3    ####...
 Ensorcelled Hibernation  Hex/Ice        #.....       28%         2    ###....
 Metabolic Englaciation   Hex/Ice        #.........   99%         5    ######.
 Corona                   Hex            #......      9%          1    ##.....
 Lee's Rapid Deconstruct  Erth           #.........   92%         5    ######.
 Sandblast                Erth           #.....       9%          1    ##.....
 Excruciating Wounds      Chrm/Necr      #.........   100%        5    ######.
 Petrify                  Tmut/Erth      #.......     63%         4    #####..
 Dazzling Spray           Conj/Hex       #.....       50%         3    ####...
 Infusion                 Chrm           #...         19%         1    ##.....
 Gell's Gravitas          Tloc           #.........   77%         3    ####...
 Yara's Violent Unravell  Hex/Tmut       #.........   92%         5    ######.


Dungeon Overview and Level Annotations

Branches:
Dungeon (15/15)            Temple (1/1) D:4            Lair (0/6) D:11
    Orc (0/2) D:9          Vaults (0/5) D:14         Depths (5/5) D:15
   Hell (1/1)                 Dis (0/7) Hell            Geh (7/7) Hell
    Coc (7/7) Hell            Tar (7/7) Hell            Zot (0/5) Depths:5

Altars:
Ashenzari
Cheibriados
Dithmenos
Elyvilon
Fedhas
Gozag
Hepliaklqana
Makhleb
Nemelex Xobeh
Okawaru
Qazlal
Ru
Sif Muna
Trog
Uskayaw
Vehumet
Wu Jian
Xom
Yredelemnul
Zin
Beogh
Jiyva

Shops:
D:6 (

Portals:
Hell: Depths:1 Depths:2 Depths:3 Depths:4 Depths:5
Abyss: Depths:3 Depths:4 Depths:5
Pandemonium: Depths:3
Ziggurat: Depths:1
Trove: Depths:2 (give +6 ice dragon scales)

Annotations:
D:4 1 runed door, HydraWiggins's ghost, amateur TrWz
D:9 exclusion: downstairs
D:11 exclusion: downstairs


Innate Abilities, Weirdness & Mutations

You are too large for most types of armour.
You have claws for hands.
Your metabolism is lightning-fast.
You like to eat raw meat.
Your natural rate of healing is unusually fast.
You are covered in fur. (AC +1)
You have very tough skin. (AC +2)


Message History

Evoke which item? (* to show all) (? for menu, Esc to quit)
Okay, then.
Okay, then.
Quiver which item? (- for none, * to show all) (? for menu, Esc to quit)
Quivering
V - 17 javelins of penetration for throwing.
Throwing (i - inventory. (/) - cycle)
V - 17 javelins of penetration (quivered)
Press: ? - help, Shift-Dir - straight line, f - hell hog, p - hell hog
Aim: a hell hog You throw a javelin of penetration.
The javelin of penetration pierces through the hell hog!!!!
You kill the hell hog!
Okawaru accepts your kill.
Your base Fighting skill increases to level 14!
The javelin of penetration pierces through the hell hog!
The hell hog is lightly wounded.
Throwing (i - inventory. (/) - cycle)
V - 16 javelins of penetration (quivered)
Press: ? - help, Shift-Dir - straight line, f/p - hell hog
Aim: a hell hog (lightly wounded)
You throw a javelin of penetration.
The javelin of penetration pierces through the hell hog!!
The hell hog is heavily wounded.
Quiver which item? (- for none, * to show all) (? for menu, Esc to quit)
Okay, then.
Throwing (i - inventory. (/) - cycle)
V - 15 javelins of penetration (quivered)
Press: ? - help, Shift-Dir - straight line, f/p - hell hog
Aim: a hell hog (heavily wounded)
You throw a javelin of penetration.
The javelin of penetration barely misses the hell hog.
Throwing (i - inventory. (/) - cycle)
V - 14 javelins of penetration (quivered)
Press: ? - help, Shift-Dir - straight line, f - hell hog, p - hell hog
Aim: a hell hog You throw a javelin of penetration.
The javelin of penetration pierces through the hell hog!!!
You kill the hell hog!
Okawaru accepts your kill.
Your Air Magic skill increases to level 2!
The javelin of penetration pierces through the hell hog.
The hell hog is lightly wounded.
Quiver which item? (- for none, * to show all) (? for menu, Esc to quit)
Quivering
K - 43 large rocks for throwing.
Throwing (i - inventory. (/) - cycle)
K - 43 large rocks (quivered)
Press: ? - help, Shift-Dir - straight line, f/p - hell hog
Aim: a hell hog (lightly wounded)
You throw a large rock. The large rock hits the hell hog!!
The hell hog is heavily wounded.
Throwing (i - inventory. (/) - cycle)
K - 42 large rocks (quivered)
Press: ? - help, Shift-Dir - straight line, f/p - hell hog
Aim: a hell hog (heavily wounded)
You throw a large rock.
The large rock barely misses the hell hog.
The hell hog breathes fire at you.
The fireball explodes!
The fireball engulfs you! You resist.
* * * LOW HITPOINT WARNING * * *
You hear a shout!
You hear a roar!
You hear a shout! x2
Okay, then.
A wraith comes into view.
Really quaff
h - 21 potions of curing {!q}?
You feel better.
Really quaff
h - 20 potions of curing {!q}?
You feel better. The hell hog breathes fire at you.
The fireball explodes!
The fireball engulfs you! You resist.
You die...

#########################
§≈§≈≈≈§≈§≈≈≈≈≈≈≈§≈≈≈§§§≈≈
§§§.≈§§≈≈≈≈≈≈≈≈§≈≈≈≈§§§§§§
§§.≈.§§≈≈≈≈≈≈≈§§≈§§≈≈§≈≈≈≈#
..§..§§≈≈§≈≈≈......≈§§§§≈≈##
§§§..≈..§≈........≈≈≈§≈§§≈###
)....§...§..........≈§≈≈≈≈###
......................≈§§≈###
###........W....@....§§§≈≈####
#####.....)#####....§§≈≈####
#####.## ##h...§≈≈#### ###
#....§≈§#### #....≈≈§####
#...≈§§§#### ##....§≈§####
##.h..≈§§§#### #...2.≈≈≈≈####


You could see a hell hog and a wraith.

Vanquished Creatures
  Ereshkigal (Tar:7)
  2 ancient liches (Tar:7)
  The ghost of Gateist the Conqueror, a master MiFi of Okawaru (D:15)
  Mennas (Depths:2)
  Sojobo (Depths:5)
  A shard shrike (Coc:2)
  Boris (Depths:4)
  5 caustic shrikes (Depths:4)
  Geryon (Hell)
  3 golden dragons
  Jory (Depths:3)
  A profane servitor (Depths:1)
  the Enchantress (Depths:5)
  4 bone dragons
  2 Brimstone Fiends
  3 liches
  18 Tzitzimimeh
  Jorgrun (Depths:2)
  8 doom hounds
  3 tentacled monstrosities (Depths:3)
  2 quicksilver dragons
  Murray (Hell)
  A sphinx (Depths:5)
  Gastronok (D:8)
  An Executioner (Tar:6)
  An eldritch tentacle (Tar:7)
  2 storm dragons (Depths:5)
  5 tengu reavers
  Agnes (D:15)
  19 shadow dragons
  A revenant (Hell)
  4 draconian monks (Depths:5)
  13 fire giants
  2 draconian knights (Depths:5)
  4 frost giants
  A draconian scorcher (Depths:5)
  Louise (Depths:4)
  4 balrugs
  A draconian stormcaller (Depths:5)
  4 spriggan defenders
  27 reapers
  2 elemental wellsprings
  2 draconian annihilators (Depths:5)
  3 war gargoyles
  A draconian shifter (Depths:5)
  9 stone giants
  12 very ugly things
  4 vampire knights
  A lorocyproca (Geh:1)
  3 black draconians (Depths:5)
  2 white draconians (Depths:5)
  2 yellow draconians (Depths:5)
  A purple draconian (Depths:5)
  2 spark wasps (Depths:3)
  6 red draconians (Depths:5)
  9 ettins
  A deep elf annihilator (Depths:4)
  6 blizzard demons
  9 death oozes (Depths:1)
  2 pearl dragon zombies (Depths:1)
  6 fire dragons
  3 quicksilver dragon zombies
  6 yaktaur captains
  4 jiangshi
  Josephine (D:14)
  A hell beast (Tar:7)
  A hydra (D:11)
  4 great orbs of eyes
  3 ghost crabs
  2 vault guards (D:14)
  5 rakshasas
  9 ice dragons
  6 spriggan air magi
  A death knight (Depths:1)
  6 centaur warriors
  A two-headed ogre (shapeshifter) (Depths:5)
  20 two-headed ogres
  9 deep troll shamans
  5 ogre magi
  12 deep troll earth magi
  6 tengu warriors
  11 hell hogs
  7 vampire magi
  2 spriggan berserkers
  Sonja (D:13)
  11 sun demons
  3 titan skeletons
  5 iron golems
  2 storm dragon zombies
  2 titan zombies
  19 soul eaters
  32 skeletal warriors
  38 hell knights
  13 shadow wraiths (Tar:7)
  A death drake (shapeshifter) (Depths:1)
  3 iron trolls
  2 death drakes (Tar:7)
  2 quicksilver dragon simulacra (Depths:5)
  2 anaconda zombies
  A glowing orange brain (Depths:3)
  An unseen horror (D:14)
  4 flayed ghosts
  17 shadow demons (Tar:7)
  2 wizards
  A swamp dragon (shapeshifter) (Depths:3)
  25 deep trolls
  3 phantasmal warriors
  4 golden dragon zombies
  A shadow dragon zombie (Tar:7)
  A lindwurm (shapeshifter) (D:15)
  2 wolf spider zombies
  5 orc knights (Bailey)
  2 golden dragon skeletons
  An iron dragon zombie (Coc:2)
  A mana viper (shapeshifter) (Depths:3)
  A wolf spider (D:11)
  3 shadow dragon skeletons
  16 necromancers
  5 anaconda skeletons
  2 stone giant zombies
  A wolf spider (shapeshifter) (Depths:3)
  2 deep elf magi (D:15)
  A fire giant zombie (Geh:5)
  A salamander (Depths:2)
  2 cyclopes
  A frost giant zombie (Tar:7)
  An iron dragon skeleton (Geh:1)
  40 ugly things
  2 manticores
  2 stone giant skeletons
  5 dire elephant zombies
  15 rust devils
  4 apis skeletons (Depths:1)
  Joseph (D:8)
  2 ice statues
  A frost giant skeleton (Geh:1)
  A shock serpent zombie (Geh:5)
  Maurice (D:8)
  3 molten gargoyles
  A smoke demon (Geh:1)
  5 spectral swamp worms (Depths:1)
  2 gargoyles
  12 hellions
  A komodo dragon (D:14)
  13 ice devils
  23 yaktaurs
  An emperor scorpion zombie (Geh:1)
  3 dire elephant skeletons
  17 freezing wraiths
  A shock serpent skeleton (Tar:1)
  A kobold demonologist (D:13)
  A catoblepas zombie (Geh:4)
  A rime drake (shapeshifter) (Depths:3)
  4 tengu conjurers
  2 demonic crawlers
  An efreet (Depths:5)
  15 tormentors
  4 hellwings
  A troll (shapeshifter) (D:13)
  16 red devils
  2 harpy zombies
  6 trolls
  4 silent spectres
  5 hydra zombies
  A hornet (Depths:5)
  A wolf spider simulacrum (Coc:2)
  Prince Ribbit (D:9)
  22 slime creatures
  3 fire dragon zombies
  A dream sheep (shapeshifter) (Depths:2)
  4 alligator zombies
  2 ettin zombies
  An ice dragon zombie (Tar:1)
  48 flying skulls
  5 hippogriffs
  3 hydra skeletons
  A black mamba zombie (Geh:6)
  An ettin skeleton (Geh:1)
  2 ice dragon skeletons
  3 fire dragon skeletons
  3 spriggans (Depths:5)
  A vampire (D:15)
  18 shadows
  A tarantella (shapeshifter) (Depths:3)
  4 water elementals
  19 yaks
  Grum (D:9)
  An alligator skeleton (Hell)
  20 humans
  3 wyverns
  21 wraiths
  A black mamba skeleton (Geh:5)
  19 fire elementals
  4 hungry ghosts
  3 spiny frog zombies
  An acid dragon (D:14)
  A warg (shapeshifter) (Depths:2)
  2 hydra simulacra (Hell)
  5 water moccasins
  24 hell hounds
  14 orc warriors
  4 sky beasts
  A sky beast (shapeshifter) (Depths:2)
  A spiny frog skeleton (Tar:3)
  A black bear (D:10)
  2 alligator simulacra (Hell)
  6 ice beasts
  9 boggarts
  3 ettin simulacra (Depths:5)
  2 manticore zombies
  A boggart (shapeshifter) (Depths:3)
  A fire dragon simulacrum (Hell)
  A snapping turtle zombie (Coc:2)
  An eye of draining (shapeshifter) (Depths:1)
  14 necrophages
  4 wolves (D:9)
  8 centaurs
  17 ogres
  4 snapping turtle skeletons
  2 big kobolds (D:14)
  11 bullfrogs
  3 gnoll sergeants
  2 elf skeletons (D:4)
  2 water moccasin zombies (Ossuary)
  2 jellies
  39 wights
  A spriggan zombie (Geh:7)
  A howler monkey (D:12)
  A bullfrog zombie (D:8)
  2 centaur zombies (D:12)
  12 crimson imps
  A quasit (D:9)
  Crazy Yiuf (D:6)
  3 centaur skeletons
  9 orc priests
  2 bullfrog skeletons
  6 hounds
  2 human zombies
  An iron imp (Hell)
  A human skeleton (D:4)
  2 iguanas
  12 orc wizards
  8 worker ants
  3 big kobold zombies (Ossuary)
  2 hound zombies
  A hound skeleton (D:4)
  2 mummies (Ossuary)
  2 worker ant zombies
  25 gnolls
  9 adders
  17 shadow imps
  9 white imps
  2 oozes
  4 adder zombies
  3 worms
  2 dart slugs (D:1)
  3 leopard geckos
  120 orcs
  2 ball pythons (D:5)
  8 giant cockroaches
  A gnoll zombie (Ossuary)
  5 hobgoblins
  4 jackals (D:6)
  16 kobolds
  8 quokkas
  9 bats
  6 frilled lizards
  8 goblins
  6 hobgoblin zombies (Ossuary)
  A jackal skeleton (D:2)
  A jackal zombie (D:5)
  10 kobold zombies (Ossuary)
  A leopard gecko skeleton (D:4)
  An orc skeleton (D:4)
  8 orc zombies
  6 rats
1601 creatures vanquished.

Vanquished Creatures (collateral kills)
  A shadow dragon (Tar:7)
  A reaper (Tar:7)
  A skeletal warrior (Tar:7)
  A shadow wraith (Tar:7)
  2 tormentors (Tar:5)
  A hydra zombie (Tar:7)
  A shadow (Tar:7)
  A black mamba zombie (Tar:7)
  An orc warrior (Bailey)
  A phantom (Tar:7)
  An orc (Bailey)
12 creatures vanquished.

Vanquished Creatures (others)
  A doom hound (Tar:7)
  2 eldritch tentacles
  A draconian stormcaller (Depths:5)
  A hell hog (Geh:5)
  A soul eater (Hell)
  A hornet (Depths:5)
  2 flying skulls (Coc:2)
  A spriggan (Depths:5)
  A floating eye (shapeshifter) (Depths:5)
  An ettin simulacrum (Depths:5)
  A swamp dragon skeleton (Geh:1)
  An orc (D:6)
14 creatures vanquished.

Grand Total: 1627 creatures vanquished

Notes
Turn   | Place    | Note
-------+----------+-------------------------------------------
     0 | D:1      | Amnesiac the Troll Monk began the quest for the Orb.
     0 | D:1      | Reached XP level 1. HP: 22/22 MP: 0/0
    71 | D:1      | Reached skill level 1 in Throwing
   110 | D:1      | Reached XP level 2. HP: 29/29 MP: 1/1
   266 | D:1      | Reached skill level 2 in Throwing
   468 | D:1      | Reached XP level 3. HP: 36/36 MP: 2/2
   814 | D:2      | Reached skill level 3 in Throwing
  1246 | D:2      | Found a runed door.
  1247 | D:2      | Noticed a human
  1253 | D:2      | Found a basalt altar of Yredelemnul.
  1267 | D:2      | Killed a human
  1267 | D:2      | Reached skill level 4 in Throwing
  1267 | D:2      | Reached XP level 4. HP: 40/44 MP: 3/3
  1267 | D:2      | Reached XP level 5. HP: 46/50 MP: 4/4
  1614 | D:3      | Reached skill level 5 in Throwing
  1637 | D:3      | Found a sacrificial altar of Ru.
  2130 | D:3      | Reached XP level 6. HP: 59/59 MP: 5/5
  2509 | D:4      | Found a staircase to the Ecumenical Temple.
  2515 | Temple   | Entered the Ecumenical Temple
  2522 | Temple   | Became a worshipper of Warmaster Okawaru
  2522 | Temple   | Reached * piety under Okawaru
  2522 | Temple   | Reached ** piety under Okawaru
  2591 | D:4      | Found a runed door.
  2597 | D:4      | Found a shimmering altar of Xom.
  2597 | D:4      | Noticed HydraWiggins's ghost (amateur TrWz)
  2597 | D:4      | Noticed a flail of chaos
  2766 | D:4      | Reached skill level 1 in Invocations
  2788 | D:4      | Reached skill level 6 in Throwing
  2802 | D:4      | Found a sand-covered staircase.
  2809 | Ossuary  | Entered an ossuary
  2877 | Ossuary  | Reached XP level 7. HP: 50/67 MP: 7/7
  3105 | D:4      | Reached *** piety under Okawaru
  3302 | D:4      | Found a deep blue altar of Sif Muna.
  3494 | D:5      | Entered Level 5 of the Dungeon
  3791 | D:4      | Reached skill level 7 in Throwing
  3791 | D:4      | Reached XP level 8. HP: 76/78 MP: 9/9
  4575 | D:6      | Found Kakloegh's Weapon Boutique.
  4586 | D:6      | Reached **** piety under Okawaru
  4675 | D:6      | Reached skill level 8 in Throwing
  5036 | D:5      | Received a gift from Okawaru
  5042 | D:5      | Got a faintly glowing bone amulet
  5043 | D:5      | Identified the amulet of Byong {Faith Int+5} (You found it on level 5 of the Dungeon)
  5317 | D:5      | Reached XP level 9. HP: 58/87 MP: 11/11
  5388 | D:5      | Found an opulent altar of Gozag.
  5732 | D:7      | Found a stormy altar of Qazlal.
  5984 | D:6      | Found a runed door.
  5988 | D:6      | Noticed Crazy Yiuf
  5991 | D:6      | Killed Crazy Yiuf
  6208 | D:7      | Reached skill level 5 in Fighting
  6479 | D:7      | Found a shimmering altar of Xom.
  6817 | D:8      | Noticed Joseph
  6834 | D:8      | Killed Joseph
  6834 | D:8      | Reached skill level 9 in Throwing
  6840 | D:8      | Reached skill level 5 in Invocations
  6889 | D:8      | Noticed Maurice
  6894 | D:8      | Killed Maurice
  6973 | D:8      | Reached ***** piety under Okawaru
  6981 | D:8      | Found a flagged portal.
  7064 | Bailey   | Entered a bailey
  7397 | Bailey   | Noticed an orc knight
  7397 | Bailey   | Noticed an orc knight
  7429 | Bailey   | Killed an orc knight
  7429 | Bailey   | Reached skill level 10 in Throwing
  7429 | Bailey   | Reached XP level 10. HP: 98/98 MP: 6/13
  7448 | Bailey   | Noticed an orc knight
  7459 | Bailey   | Killed an orc knight
  7485 | Bailey   | Noticed an orc knight
  7488 | Bailey   | Killed an orc knight
  7519 | Bailey   | Killed an orc knight
  7685 | Bailey   | Noticed an orc knight
  7811 | Bailey   | Killed an orc knight
  7811 | Bailey   | Received a gift from Okawaru
  8337 | D:8      | Noticed a two-headed ogre
  8340 | D:8      | Killed a two-headed ogre
  8340 | D:8      | Received a gift from Okawaru
  8340 | D:8      | Reached skill level 11 in Throwing
  8340 | D:8      | Reached skill level 1 in Shields
  8624 | D:8      | Found a roughly hewn altar of Beogh.
  8845 | D:9      | Noticed a two-headed ogre
  8855 | D:9      | Killed a two-headed ogre
  8855 | D:9      | Reached XP level 11. HP: 59/109 MP: 12/15
  8914 | D:9      | Noticed a two-headed ogre
  8928 | D:9      | Killed a two-headed ogre
  8985 | D:9      | Found a hazy altar of Hepliaklqana.
  9074 | D:9      | Noticed Gastronok
  9202 | D:8      | Killed Gastronok
  9386 | D:9      | Noticed Prince Ribbit
  9420 | D:9      | Killed Prince Ribbit
  9535 | D:9      | Found a roughly hewn altar of Beogh.
  9535 | D:9      | Found a staircase to the Orcish Mines.
  9550 | D:9      | Reached skill level 12 in Throwing
  9657 | D:9      | Noticed a two-headed ogre
  9713 | D:9      | Killed a two-headed ogre
  9713 | D:9      | Received a gift from Okawaru
  9784 | D:9      | Received a gift from Okawaru
  9814 | D:9      | Noticed Grum
  9833 | D:9      | Killed Grum
  9925 | D:9      | Received a gift from Okawaru
 10069 | D:9      | Found an opulent altar of Gozag.
 10101 | D:9      | Found an ornate altar of the Wu Jian Council.
 10105 | D:9      | Found a radiant altar of Vehumet.
 10106 | D:9      | Found a burning altar of Makhleb.
 10303 | D:10     | Entered Level 10 of the Dungeon
 10500 | D:10     | Found a sparkling altar of Nemelex Xobeh.
 11289 | D:11     | Learned a level 2 spell: Passwall
 11329 | D:11     | Found a staircase to the Lair.
 11330 | D:11     | Noticed a five-headed hydra
 11342 | D:11     | Killed a five-headed hydra
 11372 | D:11     | Reached XP level 12. HP: 119/119 MP: 13/17
 11478 | D:11     | Received a gift from Okawaru
 11604 | D:11     | Noticed a two-headed ogre
 11604 | D:11     | Noticed a two-headed ogre
 11606 | D:11     | Noticed a two-headed ogre
 11629 | D:11     | Killed a two-headed ogre
 11629 | D:11     | Received a gift from Okawaru
 11631 | D:11     | Killed a two-headed ogre
 11631 | D:11     | Reached skill level 13 in Throwing
 11635 | D:11     | Killed a two-headed ogre
 12199 | D:12     | Learned a level 1 spell: Confusing Touch
 12321 | D:12     | Received a gift from Okawaru
 12623 | D:12     | Reached ****** piety under Okawaru
 12663 | D:12     | Received a gift from Okawaru
 12664 | D:12     | Got a warped large shield {god gift}
 12675 | D:12     | Identified the +5 large shield of Shadows and Fog {rPois Str+8 Int-3 Dex-2} (Okawaru gifted it to you on level 12 of the Dungeon)
 13194 | D:13     | Identified a scroll of acquirement {!r}
 13304 | D:13     | Reached skill level 14 in Throwing
 13775 | D:13     | Noticed a two-headed ogre
 13775 | D:13     | Noticed Sonja
 13804 | D:13     | Killed a two-headed ogre
 13859 | D:13     | Killed Sonja
 13859 | D:13     | Reached XP level 13. HP: 131/131 MP: 18/18
 14350 | D:14     | Found an opulent altar of Gozag.
 14420 | D:14     | Noticed Josephine
 14423 | D:14     | Killed Josephine
 14423 | D:14     | Reached skill level 5 in Dodging
 14423 | D:14     | Reached skill level 5 in Shields
 14786 | D:14     | Received a gift from Okawaru
 14902 | D:14     | Received a gift from Okawaru
 14933 | D:14     | Received a gift from Okawaru
 14968 | D:14     | Found a white marble altar of Elyvilon.
 15030 | D:14     | Received a gift from Okawaru
 15035 | D:14     | Reached skill level 15 in Throwing
 15371 | D:14     | Found a gate to the Vaults.
 15418 | D:14     | Received a gift from Okawaru
 15656 | D:15     | Entered Level 15 of the Dungeon
 15719 | D:15     | Noticed Agnes
 15737 | D:15     | Killed Agnes
 15737 | D:15     | Received a gift from Okawaru
 15820 | D:15     | Received a gift from Okawaru
 15821 | D:15     | Got a pitted fustibalus {god gift}
 15822 | D:15     | Identified the +7 fustibalus of Understanding {flame, rC+++ rN+++ Int-3 Dex-3} (Okawaru gifted it to you on level 15 of the Dungeon)
 16445 | D:15     | Received a gift from Okawaru
 16445 | D:15     | Reached XP level 14. HP: 51/140 MP: 19/19
 16751 | D:15     | Got a faintly glowing arbalest
 17122 | D:15     | Found a staircase to the Depths.
 17360 | D:15     | Got a transparent hunting sling
 17418 | Depths:1 | Identified a paperback manual
 17418 | Depths:1 | Entered Level 1 of the Depths
 17444 | D:15     | Received a gift from Okawaru
 17592 | D:15     | Received a gift from Okawaru
 17755 | D:15     | Reached skill level 16 in Throwing
 17835 | Depths:1 | Received a gift from Okawaru
 18334 | Depths:1 | Found a gateway to a ziggurat.
 18381 | Depths:1 | Noticed a brown very ugly thing
 18395 | Depths:1 | Killed a brown very ugly thing
 18399 | Depths:1 | Noticed a brown very ugly thing
 18404 | Depths:1 | Killed a brown very ugly thing
 18404 | Depths:1 | Noticed a brown very ugly thing
 18406 | Depths:1 | Noticed a brown very ugly thing
 18408 | Depths:1 | Killed a brown very ugly thing
 18411 | Depths:1 | Noticed a brown very ugly thing
 18416 | Depths:1 | Killed a brown very ugly thing
 18421 | Depths:1 | Killed a brown very ugly thing
 18481 | Depths:1 | Identified the cursed +2 hunting sling of Onteg {velocity, rPois Str-5 Int+2} (You found it on level 15 of the Dungeon)
 18518 | Depths:1 | Received a gift from Okawaru
 18619 | Depths:1 | Found a runed gate.
 18619 | Depths:1 | Found a runed gate.
 18620 | Depths:1 | Found a runed gate.
 18626 | Depths:1 | Found a viscous altar of Jiyva.
 18626 | Depths:1 | Noticed Gateist's ghost (master MiFi)
 18644 | Depths:1 | Noticed a stone giant
 18660 | Depths:1 | Received a gift from Okawaru
 18936 | D:15     | Found a staircase to the Depths.
 18956 | D:15     | Killed Gateist's ghost
 18956 | D:15     | Received a gift from Okawaru
 18956 | D:15     | Reached XP level 15. HP: 115/145 MP: 13/20
 19586 | Depths:1 | Reached skill level 17 in Throwing
 19843 | Depths:1 | Found a gateway to Hell.
 19855 | Depths:1 | Received a gift from Okawaru
 20864 | Depths:1 | Received a gift from Okawaru
 20969 | Depths:1 | Received a gift from Okawaru
 21167 | Depths:1 | Found a basalt altar of Yredelemnul.
 21174 | Depths:1 | Noticed a profane servitor
 21190 | Depths:1 | Killed a profane servitor
 21190 | Depths:1 | Received a gift from Okawaru
 21379 | Depths:1 | Received a gift from Okawaru
 21693 | Depths:2 | Reached skill level 18 in Throwing
 21867 | Depths:1 | Reached XP level 16. HP: 133/155 MP: 21/21
 21912 | Depths:1 | Received a gift from Okawaru
 22093 | Depths:2 | Received a gift from Okawaru
 22395 | Depths:2 | Reached skill level 10 in Dodging
 22398 | Depths:2 | Reached skill level 10 in Shields
 23333 | Depths:2 | Noticed Jorgrun
 23358 | Depths:2 | Killed Jorgrun
 23358 | Depths:2 | Received a gift from Okawaru
 23683 | Depths:2 | Received a gift from Okawaru
 23695 | Depths:2 | Reached skill level 19 in Throwing
 23892 | Depths:2 | Reached skill level 1 in Armour
 24022 | Depths:2 | Found a portal to a secret trove of treasure.
 24102 | Depths:3 | Paralysed by a vampire knight for 6 turns
 24233 | Depths:3 | Reached skill level 10 in Fighting
 24238 | Depths:3 | Received a gift from Okawaru
 24326 | Depths:3 | Noticed a tengu reaver
 24336 | Depths:3 | Killed a tengu reaver
 24355 | Depths:3 | Reached XP level 17. HP: 112/166 MP: 22/22
 24506 | Depths:3 | Noticed Mennas
 25290 | Depths:3 | Noticed a tentacled monstrosity
 25296 | Depths:3 | Killed a tentacled monstrosity
 25315 | Depths:3 | Noticed Jory
 25331 | Depths:3 | Killed Jory
 25370 | Depths:3 | Noticed a tentacled monstrosity
 25374 | Depths:3 | Killed a tentacled monstrosity
 25374 | Depths:3 | Received a gift from Okawaru
 25415 | Depths:3 | Received a gift from Okawaru
 25431 | Depths:3 | Reached skill level 20 in Throwing
 25603 | Depths:3 | Reached skill level 5 in Armour
 25960 | Depths:3 | Got a slimy turquoise ring
 26074 | Depths:3 | Found a one-way gate leading to the halls of Pandemonium.
 26076 | Depths:3 | Noticed a tentacled monstrosity
 26079 | Depths:3 | Killed a tentacled monstrosity
 26083 | Depths:3 | Found a one-way gate to the infinite horrors of the Abyss.
 26088 | Depths:3 | Got a twitching tin ring
 26204 | Depths:3 | Received a gift from Okawaru
 26209 | Depths:3 | Got a bone trident {god gift}
 26221 | Depths:3 | Identified the ring "Lufeul" {rCorr rF+++ rC- Str+3 SInv} (You took it off a spriggan defender on level 3 of the Depths)
 26234 | Depths:3 | Identified the ring of a Million Tables {+Fly rN+ Int+2} (You took it off an ogre mage on level 3 of the Depths)
 26235 | Depths:3 | Identified the +7 trident of Jaagem {antimagic, rElec} (Okawaru gifted it to you on level 3 of the Depths)
 26337 | Depths:2 | Killed Mennas
 26547 | Depths:3 | Received a gift from Okawaru
 26628 | Depths:3 | Paralysed by a great orb of eyes for 3 turns
 26634 | Depths:3 | Received a gift from Okawaru
 26696 | Depths:3 | Reached skill level 1 in Evocations
 26721 | Depths:3 | Received a gift from Okawaru
 26731 | Depths:3 | Reached XP level 18. HP: 173/174 MP: 23/23
 26779 | Depths:3 | Got a scorched turquoise ring
 26820 | Depths:3 | Paralysed by a wizard for 2 turns
 26868 | Depths:3 | Received a gift from Okawaru
 26888 | Depths:3 | Got an ancient iron ring
 27029 | Depths:4 | Received a gift from Okawaru
 27100 | Depths:4 | Received a gift from Okawaru
 27101 | Depths:4 | Got a bloodstained war axe {god gift}
 27213 | Depths:4 | Reached skill level 21 in Throwing
 27244 | Depths:4 | Found a flickering gateway to a bazaar.
 27257 | Bazaar   | Entered a bazaar
 27257 | Bazaar   | Found Arokh's General Store.
 27257 | Bazaar   | Found Donuan's Antique Armour Shoppe.
 27276 | Bazaar   | Found Yduhex's Antique Weapon Boutique.
 27287 | Bazaar   | Found Bivobriu's Jewellery Emporium.
 27300 | Bazaar   | Found Bekurr's Distillery.
 27308 | Bazaar   | Bought 2 potions of haste for 280 gold pieces
 27319 | Bazaar   | Bought 15 stones for 18 gold pieces
 27319 | Bazaar   | Bought 19 sling bullets for 114 gold pieces
 27327 | Bazaar   | Bought a glowing large shield for 142 gold pieces
 27412 | Depths:4 | Noticed a golden dragon
 27503 | Depths:4 | Noticed Louise
 27513 | Depths:4 | Killed Louise
 27540 | Depths:4 | Killed a golden dragon
 27595 | Depths:4 | Paralysed by a wizard for 5 turns
 27703 | Depths:4 | Noticed a caustic shrike
 27707 | Depths:4 | Killed a caustic shrike
 27707 | Depths:4 | Received a gift from Okawaru
 27712 | Depths:4 | Noticed a caustic shrike
 27712 | Depths:4 | Noticed a caustic shrike
 27712 | Depths:4 | Noticed a caustic shrike
 27713 | Depths:4 | Noticed a caustic shrike
 27714 | Depths:4 | Killed a caustic shrike
 27717 | Depths:4 | Killed a caustic shrike
 27717 | Depths:4 | Received a gift from Okawaru
 27723 | Depths:4 | Killed a caustic shrike
 27723 | Depths:4 | Received a gift from Okawaru
 27731 | Depths:4 | Killed a caustic shrike
 27755 | Depths:4 | Got a scorched shield {god gift}
 27796 | Depths:4 | Identified the +0 shield of Jeli {MR- Str+3 Int+7} (Okawaru gifted it to you on level 4 of the Depths)
 27808 | Depths:4 | Identified the ring of Zatoon {rF+ MR+ MP+9} (You took it off a spriggan berserker on level 3 of the Depths)
 27810 | Depths:4 | Identified the ring of Eternity {*Contam rElec rPois Str+6} (You took it off a wizard on level 3 of the Depths)
 28226 | Depths:4 | Reached skill level 10 in Armour
 28267 | Depths:4 | Noticed Boris
 28281 | Depths:4 | Killed Boris
 28771 | Depths:5 | Entered Level 5 of the Depths
 28893 | Depths:5 | Received a gift from Okawaru
 28919 | Depths:5 | Reached XP level 19. HP: 154/182 MP: 24/24
 28942 | Depths:5 | Found a shattered altar of Ashenzari.
 28964 | Depths:5 | Received a gift from Okawaru
 28972 | Depths:5 | Identified the +3 hunting sling "Icihira" {venom, Str+7} (Okawaru gifted it to you on level 5 of the Depths)
 29158 | Depths:5 | Found a shadowy altar of Dithmenos.
 29224 | Depths:5 | Noticed a golden dragon
 29532 | Depths:5 | Reached skill level 5 in Evocations
 29607 | Depths:5 | Killed a golden dragon
 29607 | Depths:5 | Received a gift from Okawaru
 29616 | Depths:5 | Got a transparent hat {god gift}
 29631 | Depths:5 | Identified the +2 hat of the Ant {rElec rN+ Int+2 Slay-5} (Okawaru gifted it to you on level 5 of the Depths)
 29998 | Depths:5 | Noticed the Enchantress
 30011 | Depths:5 | Killed the Enchantress
 30061 | Depths:5 | Got faerie dragon scales
 30074 | Depths:5 | Identified the +4 faerie dragon scales {*Corrode rC+ rCorr Str+2} (You took it off the Enchantress on level 5 of the Depths)
 30546 | Depths:5 | Received a gift from Okawaru
 30610 | Depths:5 | Got a bloodstained robe {god gift}
 30779 | Depths:5 | Identified the +1 robe "Veetweim" {+Blink rN+ MR++ SInv} (Okawaru gifted it to you on level 5 of the Depths)
 30925 | Depths:5 | Noticed a golden dragon
 30928 | Depths:5 | Killed a golden dragon
 30936 | Depths:5 | Reached XP level 20. HP: 190/195 MP: 25/25
 31017 | Depths:5 | Found a gate to the Realm of Zot.
 31067 | Depths:5 | Found a glowing silver altar of Zin.
 31151 | Depths:5 | Noticed Sojobo
 31189 | Depths:5 | Killed Sojobo
 31370 | Depths:5 | Found a hazy altar of Hepliaklqana.
 31594 | Depths:5 | Received a gift from Okawaru
 31758 | Hell     | Entered the Vestibule of Hell
 31758 | Hell     | Noticed Geryon
 31769 | Hell     | Killed Geryon
 31807 | Hell     | Received a gift from Okawaru
 31842 | Hell     | Got a faintly glowing robe {god gift}
 31923 | Hell     | Noticed Murray
 32280 | Hell     | Killed Murray
 32355 | Hell     | Identified the +1 robe of the Barber Surgeon {Regen+} (Okawaru gifted it to you in the Vestibule of Hell)
 32399 | Hell     | Found a gateway to the freezing wastes of Cocytus.
 32515 | Hell     | Found a gateway to the decaying netherworld of Tartarus.
 32562 | Hell     | Found a gateway to the ashen valley of Gehenna.
 32700 | Hell     | Found a gateway to the Iron City of Dis.
 32784 | Coc:1    | Entered Level 1 of Cocytus
 33131 | Coc:2    | Noticed a shard shrike
 33139 | Coc:2    | Killed a shard shrike
 33201 | Coc:2    | You fall through a shaft for 2 floors!
 33304 | Coc:6    | Received a gift from Okawaru
 33499 | Coc:7    | Entered Level 7 of Cocytus
 33641 | Coc:7    | Reached XP level 21. HP: 122/205 MP: 26/26
 33646 | Coc:7    | Received a gift from Okawaru
 33910 | Tar:1    | Entered Level 1 of Tartarus
 34686 | Tar:2    | Received a gift from Okawaru
 35131 | Tar:5    | Received a gift from Okawaru
 35256 | Tar:5    | You fall through a shaft!
 35420 | Tar:6    | Received a gift from Okawaru
 35502 | Tar:6    | Received a gift from Okawaru
 35502 | Tar:6    | Reached skill level 22 in Throwing
 35517 | Tar:6    | Got a polished short sword {god gift}
 35635 | Tar:7    | Entered Level 7 of Tartarus
 35840 | Tar:7    | Noticed Ereshkigal
 35902 | Hell     | Received a gift from Okawaru
 37052 | Tar:7    | HP: 7/202 [jiangshi[the effects of Hell] (5)]
 37057 | Tar:7    | Reached skill level 1 in Earth Magic
 37061 | Tar:7    | Received a gift from Okawaru
 37414 | Tar:7    | Reached skill level 1 in Transmutations
 37433 | Tar:7    | Reached skill level 1 in Spellcasting
 37445 | Tar:7    | Received a gift from Okawaru
 37513 | Tar:7    | Reached XP level 22. HP: 86/207 MP: 27/27
 37934 | Tar:7    | Got a slimy jade ring
 38205 | Tar:7    | Received a gift from Okawaru
 38277 | Tar:7    | Reached skill level 1 in Hexes
 38420 | Tar:7    | Received a gift from Okawaru
 38421 | Tar:7    | Got a slimy fustibalus {god gift}
 38422 | Tar:7    | Identified the +3 fustibalus of Fury {venom, rN+ Int+4 Dex-5} (Okawaru gifted it to you on level 7 of Tartarus)
 38547 | Tar:7    | Killed Ereshkigal
 38865 | Tar:7    | Received a gift from Okawaru
 38867 | Tar:7    | Got an ichor-stained battleaxe {god gift}
 39151 | Tar:7    | Reached XP level 23. HP: 210/210 MP: 28/28
 39185 | Tar:7    | Got a bone rune of Zot
 39314 | Tar:7    | Received a gift from Okawaru
 39332 | Tar:7    | Got an iridescent morningstar {freeze}
 39336 | Tar:7    | Got a polished large shield {god gift}
 39338 | Tar:7    | Got an encrusted quarterstaff {flame}
 39519 | Tar:7    | Identified the +2 large shield of Intercession {+Blink rF+ MR+} (Okawaru gifted it to you on level 7 of Tartarus)
 39671 | Tar:7    | Identified the Incunabulum of Dusty Self-Improvement
 39690 | Tar:7    | Learned a level 6 spell: Deflect Missiles
 39693 | Tar:7    | Learned a level 2 spell: Swiftness
 39823 | Tar:7    | Noticed an ancient lich
 39824 | Tar:7    | Noticed an ancient lich
 39848 | Tar:7    | Killed an ancient lich
 39851 | Tar:7    | Killed an ancient lich
 39990 | Geh:1    | Entered Level 1 of Gehenna
 40384 | Geh:1    | Received a gift from Okawaru
 40615 | Geh:4    | Received a gift from Okawaru
 40839 | Geh:5    | Received a gift from Okawaru
 40898 | Geh:5    | Reached skill level 1 in Charms
 40923 | Geh:5    | Received a gift from Okawaru
 40923 | Geh:5    | Reached skill level 1 in Air Magic
 41035 | Geh:7    | Entered Level 7 of Gehenna
 41112 | Geh:7    | Received a gift from Okawaru
 41298 | Geh:7    | Received a gift from Okawaru
 41379 | Geh:7    | HP: 7/213 [reaper/scythe of protection[the effects of Hell] (23)]
 41397 | Geh:7    | HP: 4/214 [hell hog/fireball[the effects of Hell] (14)]
 41401 | Geh:7    | Killed from afar by a hell hog

Vault maps used:
D:1:      lightli_arrival_statuegarden
D:2:      dk_yredelemnul_ordeal
D:3:      nicolae_overflow_hidden_temple, serial_glass, glass_columns_a,
          glass_columns_b, minmay_strange_pillars, first_ration,
          minmay_misc_feat_square, kennysheep_generic_room_16
D:4:      lemuel_doored_altar, minmay_temple_entry_enclosed_plants,
          ebering_ghost_xom, nicolae_ossuary_entry_catacombs
D:5:      overflow_temple_1_default
D:6:      serial_shops, nicolae_shop_trees, uniq_crazy_yiuf_cottage
D:7:      tgw_xom, old_standard_altar, roderic_roman_lattice
D:8:      special_room, enter_bailey_2, uniq_joseph, uniq_maurice
D:9:      minitemple, lemuel_round_altar, david_orc_5, basic_altar,
          grunt_pizzeria, uniq_grum, uniq_prince_ribbit1, uniq_gastronok
D:10:     nemelex_xobeh_ov_fountains_minmay
D:11:     kennysheep_big_flooded_room, lair_entry_dummy
D:13:     uniq_sonja
D:14:     grunt_vaults_entry_tiered, elyvilon_altar_1,
          nicolae_gozag_seed_capital, uniq_josephine
D:15:     hangedman_depths_entry_civil_slaughter, corexii_corridor_pit,
          billiards_dpeg, uniq_agnes
Temple:   nicolae_temple_x_marks_the_god
Depths:1: enter_ziggurat_a, pf_hell_entry_tar_river, minmay_misc_feat_enclosed,
          gammafunk_ghost_ooze, hangedman_blasphemy
Depths:2: kennysheep_ambush_hall, hangedman_decor_slide_cut, hellmouth_3,
          enter_trove_3, uniq_jorgrun
Depths:3: minmay_the_grid_triangle_9x9_line_8_mashed, rand_demon_pan_entry_5,
          abyss_entry, hell_entry, uniq_mennas, uniq_jory
Depths:4: minmay_curly_fans, serial_shops, freezing_bzr, hell_entry,
          nrook_pool_corridor, serial_column_ruins, column_ruins_open_small,
          column_ruins_columns_straight, column_ruins_open_large,
          column_ruins_grid_1, column_ruins_open_medium,
          nicolae_abyss_entry_one_way_or_another, firewood_loft, uniq_boris
Depths:5: grunt_profane_halls, abyss_entry, serial_shops, hell_entry,
          uniq_enchantress, uniq_sojobo
Geh:7:    geh_grunt_pentagon
Coc:7:    coc_dpeg
Tar:3:    nicolae_tar_cuneiform_two
Tar:6:    hangedman_mysterious_dungeon_monster_house
Tar:7:    tar_grunt_cathedral
Bazaar:   bazaar_lake
Ossuary:  ossuary_tomb_2
Bailey:   bailey_polearm_5, bailey

Skill      XL: |  1  2  3  4  5  6  7  8  9 10 11 12 13 14 15 16 17 18 19 20 21 22 23 |
---------------+----------------------------------------------------------------------+-----
Throwing       | 1 2 4 5 6 7 8 10 11 12 14 15 16 18 19 20 21 22 | 22.0
Invocations    | 1 3 4 5 7 8 9 |  9.0
Fighting       | 3 4 6 7 8 9 10 11 12 13 14 | 14.0
Shields        | 2 4 6 8 9 10 11 12 13 | 13.8
Dodging        | 4 6 8 9 10 11 12 13 | 13.9
Armour         | 2 6 10 11 12 13 | 13.9
Evocations     | 1 4 5 |  5.0
Earth Magic    | 1 4 |  4.0
Transmutations | 1 3 4 |  4.0
Spellcasting   | 1 3 4 |  4.0
Hexes          | 2 4 |  4.0
Charms         | 1 |  1.9
Air Magic      | 2 |  2.0
Stealth        | |  1.0
Unarmed Combat | |  3.0

Action                   |  1- 3 |  4- 6 |  7- 9 | 10-12 | 13-15 | 16-18 | 19-21 | 22-24 || total
-------------------------+-------+-------+-------+-------+-------+-------+-------+-------++-------
Melee: Unarmed           |   111 |   161 |   477 |   581 |    80 |     4 |       |       ||  1414
       Punch             |       |     2 |    14 |       |       |       |       |       ||    16
       Fustibalus        |       |       |       |       |       |     4 |       |       ||     4
       Quick blade       |       |       |       |       |       |       |    52 |       ||    52
 Fire: Blowgun           |       |       |       |    70 |       |     7 |     5 |     5 ||    87
       Fustibalus        |       |       |       |       |   396 |   680 |  1105 |   696 ||  2877
Throw: Stone             |       |       |    72 |   173 |   262 |       |       |       ||   507
       Large rock        |       |       |    23 |    22 |   292 |   397 |   417 |   158 ||  1309
       Throwing net      |       |       |       |     2 |       |       |       |       ||     2
       Javelin           |       |       |       |   104 |   100 |    69 |   544 |   413 ||  1230
       Tomahawk          |       |       |       |    10 |     9 |       |       |   170 ||   189
Invok: Heroism           |       |       |     6 |    17 |    19 |    21 |    23 |    20 ||   106
       Finesse           |       |       |     1 |     6 |     9 |    14 |    14 |    12 ||    56
 Abil: Evoke Flight      |       |       |       |       |       |     1 |       |       ||     1
Evoke: Wand              |       |       |       |     4 |     3 |     1 |     6 |     7 ||    21
  Use: Scroll            |       |     6 |     1 |    20 |    11 |     8 |     8 |     3 ||    57
       Potion            |       |       |     1 |       |     7 |     5 |     4 |     4 ||    21
 Stab: Sleeping          |     2 |     7 |     4 |     3 |       |       |       |       ||    16
       Distracted        |       |       |     1 |       |       |       |       |       ||     1
  Eat: Chunk             |    17 |    15 |    42 |    58 |    60 |    60 |    35 |    13 ||   300
       Ration            |       |       |       |       |     1 |     2 |    11 |     5 ||    19
Armor: Robe              |    50 |    39 |   146 |   116 |    64 |    21 |       |       ||   436
       Troll leather arm |       |       |       |    12 |       |       |       |       ||    12
       Ice dragon scales |       |       |       |       |       |    60 |       |       ||    60
       Fire dragon scale |       |       |       |       |       |     2 |    59 |       ||    61
       Quicksilver drago |       |       |       |       |       |       |   214 |   179 ||   393
Dodge: Dodged            |    58 |    73 |   219 |   165 |   140 |   124 |   381 |   318 ||  1478
       Deflected         |       |       |       |       |       |    12 |    15 |    11 ||    38
Block: Shield            |       |       |    83 |   245 |       |       |       |       ||   328
       Large shield      |       |       |       |   130 |   634 |   506 |  1464 |  1169 ||  3903

Table legend:
 A = Spawn XP
 B = Non-spawn XP
 C = Spawn XP percentage of total XP
 D = Spawn monster count
 E = Non-spawn monster count
 F = Spawn count percentage of total count
 G = Total turns spent on level
                    A         B        C        D         E        F      G
               +---------+---------+-------+---------+---------+-------+---------
         Total |       0 |  972605 |   0.0 |       0 |    1615 |   0.0 | 41401
               +---------+---------+-------+---------+---------+-------+---------
           D:1 |       0 |      52 |   0.0 |       0 |      31 |   0.0 |   747
           D:2 |       0 |     232 |   0.0 |       0 |      13 |   0.0 |   768
           D:3 |       0 |      99 |   0.0 |       0 |      24 |   0.0 |   946
           D:4 |       0 |     512 |   0.0 |       0 |      24 |   0.0 |   908
           D:5 |       0 |     815 |   0.0 |       0 |      24 |   0.0 |  1227
           D:6 |       0 |     890 |   0.0 |       0 |      26 |   0.0 |  1071
           D:7 |       0 |     371 |   0.0 |       0 |      19 |   0.0 |   900
           D:8 |       0 |    6138 |   0.0 |       0 |      50 |   0.0 |  1291
           D:9 |       0 |    5151 |   0.0 |       0 |      44 |   0.0 |  1461
          D:10 |       0 |    2669 |   0.0 |       0 |      28 |   0.0 |   887
          D:11 |       0 |    6313 |   0.0 |       0 |      20 |   0.0 |  1047
          D:12 |       0 |    5994 |   0.0 |       0 |      35 |   0.0 |   985
          D:13 |       0 |    6385 |   0.0 |       0 |      42 |   0.0 |  1280
          D:14 |       0 |   17584 |   0.0 |       0 |      61 |   0.0 |  1675
          D:15 |       0 |   29732 |   0.0 |       0 |      48 |   0.0 |  2644
      Depths:1 |       0 |   79392 |   0.0 |       0 |     108 |   0.0 |  3412
      Depths:2 |       0 |   42806 |   0.0 |       0 |      52 |   0.0 |  2639
      Depths:3 |       0 |   89145 |   0.0 |       0 |      89 |   0.0 |  2143
      Depths:4 |       0 |   70419 |   0.0 |       0 |      47 |   0.0 |  1752
      Depths:5 |       0 |  136666 |   0.0 |       0 |     138 |   0.0 |  3020
          Hell |       0 |   53614 |   0.0 |       0 |      72 |   0.0 |  1337
         Geh:1 |       0 |   17908 |   0.0 |       0 |      46 |   0.0 |   533
         Geh:2 |       0 |     660 |   0.0 |       0 |       1 |   0.0 |    15
         Geh:4 |       0 |   12748 |   0.0 |       0 |      17 |   0.0 |   124
         Geh:5 |       0 |   19610 |   0.0 |       0 |      36 |   0.0 |   326
         Geh:6 |       0 |    1702 |   0.0 |       0 |       8 |   0.0 |    44
         Geh:7 |       0 |   25558 |   0.0 |       0 |      59 |   0.0 |   366
         Coc:2 |       0 |   19414 |   0.0 |       0 |      41 |   0.0 |   392
         Coc:5 |       0 |    2955 |   0.0 |       0 |       8 |   0.0 |    94
         Coc:6 |       0 |    4765 |   0.0 |       0 |      10 |   0.0 |   198
         Coc:7 |       0 |   18097 |   0.0 |       0 |      36 |   0.0 |   250
         Tar:1 |       0 |    6532 |   0.0 |       0 |       7 |   0.0 |   368
         Tar:2 |       0 |   18243 |   0.0 |       0 |      26 |   0.0 |   568
         Tar:3 |       0 |    4966 |   0.0 |       0 |       7 |   0.0 |   139
         Tar:4 |       0 |     383 |   0.0 |       0 |       1 |   0.0 |    31
         Tar:5 |       0 |   11113 |   0.0 |       0 |      19 |   0.0 |   686
         Tar:6 |       0 |   23462 |   0.0 |       0 |      27 |   0.0 |   415
         Tar:7 |       0 |  225776 |   0.0 |       0 |     198 |   0.0 |  3388
       Ossuary |       0 |     307 |   0.0 |       0 |      33 |   0.0 |   216
        Bailey |       0 |    3427 |   0.0 |       0 |      40 |   0.0 |   904
               +---------+---------+-------+---------+---------+-------+---------
